 Dungeon Sprint DCSS version 0.28-a0-32-g8dfe7f97f6 (webtiles) character file.

Game seed: 298907957976350503

103 continuumg the Skirmisher (level 5, -7/45 HPs)
             Began as a Djinni Fighter on July 28, 2021.
             Mangled by Sigmund (8 damage)
             ... in the Dungeon (Sprint I: "Red Sonja").
             The game lasted 00:04:03 (450 turns).

continuumg the Skirmisher (Djinni Fighter)           Turns: 450, Time: 00:04:04

Health: -7/45      AC:  7    Str: 15    XL:     5   Next: 6%
Gold:   0          EV:  9    Int: 10    God:
                   SH:  0    Dex: 13

rFire   + + .      SeeInvis .   k - +0 dagger (speed)
rCold   x . .      Faith    .   (no shield)
rNeg    . . .      Spirit   .   b - +0 scale mail
rPois   ∞          Reflect  .   (no helmet)
rElec   .          Harm     .   (no cloak)
rCorr   .          Rampage  .   (no gloves)
Will    .....      NoTele   +   (boots unavailable)
Stlth   ..........              (no amulet)
HPRegen 0.15/turn               (no ring)
MPRegen 0.00/turn               (no ring)

@: flying
A: sickness immunity, fire resistance 2, cold vulnerability 1, float, innate
caster, hp casting, extra vitality 1
a: no special abilities


You were in the Dungeon.
You visited 1 branch

Inventory:

Hand Weapons
 a - a +0 long sword
 k - a +0 dagger of speed (weapon)
Armour
 b - a +0 scale mail (worn)
 c - a +0 kite shield
Scrolls
 i - a scroll of blinking
Potions
 d - a potion of might
 e - a potion of curing
 f - a potion of heal wounds
 g - a potion of haste
 h - a potion of berserk rage
 j - a potion of flight {unknown}


   Skills:
 * Level 5.6 Fighting
 + Level 3.4 Long Blades
 + Level 4.4 Armour
 + Level 4.5 Shields
 * Level 3.3 Spellcasting


You had 7 spell levels left.
You knew the following spells:

 Your Spells              Type           Power      Damage    Failure   Level
a - Summon Small Mammal   Summ           32%        N/A       26%         1
b - Slow                  Hex            8%         N/A       36%         2
Your spell library was empty.

Dungeon Overview and Level Annotations

Branches:
Dungeon (1/1)

Altars:

Annotations:
D Sigmund


Innate Abilities, Weirdness & Mutations

You are immune to sickness and miasma.
You are immune to poison.
Your flesh is very heat resistant. (rF++)
You are vulnerable to cold. (rC-)
You float through the air rather than walking.
You learn spells naturally, not from books.
Your magical power is your life essence.
You have superior vitality. (+4 HP)


Message History

You hit Sigmund.
Sigmund is lightly wounded.
You hit Sigmund.
Sigmund is lightly wounded.
You hit Sigmund.
Sigmund is moderately wounded.
Sigmund hits you but does no damage.
You hit Sigmund.
Sigmund is moderately wounded.
You hit Sigmund.
Sigmund is heavily wounded.
Sigmund casts a spell.
Sigmund flickers and vanishes!
Deactivating autopickup; reactivate with Ctrl-A.
You hit something but do no damage. You hit something. Something hits you.
You hit something. You hit something. You hit something.
You hear some strange, mumbled words.
A puff of flame appears from out of thin air!
The puff of flame hits you but does no damage.
You hit something but do no damage. You hit something but do no damage.
You miss something. You miss something. Something hits you but does no damage.
You miss something. You barely miss something. You closely miss something.
You hear some strange, mumbled words.
Something tries to affect you, but you resist.
You closely miss something. Something hits you but does no damage.
You barely miss something. You barely miss something. Something hits you!
* * * LOW HITPOINT WARNING * * *
You closely miss something. You closely miss something. Something hits you!
* * * LOW HITPOINT WARNING * * *
You hit something. Something hits you!
You die...

#############
#<.#.)'..#..+
#..[..#..@{.#
#..#####+####
#..# #..#
#..# #⌠⌠#
####


There were no monsters in sight!

Vanquished Creatures
  An ogre (D)
  Ijyb (D)
2 creatures vanquished.

Notes
Turn   | Place    | Note
-------+----------+-------------------------------------------
     0 | D        | continuumg the Djinni Fighter began the quest for the Orb.
     0 | D        | Reached XP level 1. HP: 20/20 MP: 0/0
     1 | D        | Noticed Ijyb
    11 | D        | Killed Ijyb
    12 | D        | Reached skill level 4 in Fighting
    12 | D        | Reached XP level 2. HP: 15/26 MP: 0/0
    12 | D        | Reached XP level 3. HP: 18/31 MP: 0/0
    12 | D        | Learned a level 1 spell: Summon Small Mammal
   144 | D        | Noticed an ogre
   152 | D        | Killed an ogre
   153 | D        | Reached skill level 5 in Fighting
   153 | D        | Reached XP level 4. HP: 5/40 MP: 0/0
   153 | D        | Reached XP level 5. HP: 5/45 MP: 0/0
   153 | D        | Learned a level 2 spell: Slow
   420 | D        | Noticed Sigmund
   449 | D        | HP: 1/45 [something (10)]
   450 | D        | Mangled by Sigmund

Illustrated notes

Levels and vault maps discovered:
D:        dungeon_sprint_1 [red_sonja_temple_1, red_sonja_temple_small_1]

Skill      XL: |  1  2  3 |
---------------+----------+-----
Fighting       | 4 5 |  5.6
Long Blades    | 2 3 |  3.4
Spellcasting   | 2 3 |  3.3
Armour         | 4 |  4.4
Shields        | 4 |  4.5

Action                   |  1- 3 |  4- 6 || total
-------------------------+-------+-------++-------
Melee: Long sword        |    15 |     3 ||    18
       Dagger            |       |    23 ||    23
 Cast: Summon Small Mamm |     1 |       ||     1
       Slow              |       |     1 ||     1
Armor: Scale mail        |     4 |     4 ||     8
Dodge: Dodged            |     6 |     3 ||     9
Block: Kite shield       |     7 |       ||     7
       Rpst.: Long sword |     2 |       ||     2

Table legend: (Time is in decaauts)
 A = Elapsed time spent in this place.
 B = Non-inter-level travel time spent in this place.
 C = Inter-level travel time spent in this place.
 D = Time resting spent in this place.
 E = Time spent auto-exploring this place.
 F = Levels seen in this place.
 G = Mean time per level.
                   A        B        C        D        E       F      G
               +--------+--------+--------+--------+--------+-----+--------+
         Total |    448 |    448 |      0 |    384 |      0 |   1 |  448.0 |
       Dungeon |    448 |    448 |      0 |    384 |      0 |   1 |  448.0 |
               +--------+--------+--------+--------+--------+-----+--------+

Top non-repeatable levels by time:
       D: 448 daAuts
